 Dungeon Crawl Stone Soup version 0.20.0-4-g10b340a (webtiles) character file.

25897 Gorglomux the Brawler (level 12, -3/123 HPs)
             Began as a Troll Warper on May 27, 2017.
             Was the Champion of Ru.
             Slain by a sixfirhy (12 damage)
             ... on level 2 of the Abyss.
             The game lasted 00:24:01 (11773 turns).

Gorglomux the Brawler (Troll Warper)               Turns: 11773, Time: 00:24:02

Health: -3/123     AC:  8    Str: 22    XL:     12   Next: 93%
Magic:  8/12       EV:  6    Int:  9    God:    Ru [******]
Gold:   190        SH: 10    Dex: 13    Spells: 13/13 levels left

rFire    . . .     SeeInvis .     - Unarmed
rCold    + . .     Gourm    +   K - +0 shield {rPois}
rNeg     . . .     Faith    .   q - +1 troll leather armour
rPois    +         Spirit   .   (helmet restricted)
rElec    .         Reflect  .   h - scarf {rC+ rF+}
rCorr    .         Harm     .   (gloves unavailable)
MR       .....                  (boots unavailable)
Stlth    +.........             (no amulet)
Regen    1.1/turn               l - ring of flight
MPRegen  0.2/turn               c - ring of protection from cold

@: horrified, flying, hasted, drained, very quick
A: unfitting armour, claws 3, fast metabolism 3, gourmand, regeneration 1,
shaggy fur 1, tough skin 2, hated by all, cowardly, reduced EV 1, temperature
sensitive
a: Draw Out Power, Power Leap, Apocalypse, Renounce Religion


You were on level 2 of the Abyss.
You worshipped Ru.
Ru was exalted by your worship.
You were very full.

You visited 2 branches of the dungeon, and saw 15 of its levels.
You visited the Abyss 1 time.
You visited 1 bazaar.
You also visited: Ossuary.

You collected 738 gold pieces.
You spent 548 gold pieces at shops.

Inventory:

Missiles
 d - 5 tomahawks of dispersal
 n - 5 tomahawks
 y - 5 large rocks (quivered)
Armour
 h - a scarf of resistance (worn)
 q - a +1 troll leather armour (worn)
 K - a +0 shield of poison resistance (worn)
Jewellery
 c - a ring of protection from cold (right claw)
 l - a ring of flight (left claw)
 P - a +4 ring of strength
 R - the amulet "Emon" {Harm *Drain rPois Dex+3}
   (You found it on level 2 of the Abyss)

   [amulet of harm]

   It increases damage dealt and taken.
   It affects your dexterity (+3).
   It protects you from poison.
   It causes draining when unequipped.
Wands
 I - a wand of iceblast (13/15)
 L - a wand of lightning (10/15)
 U - a wand of flame (28/48)
Scrolls
 v - 3 scrolls of immolation
 A - 4 scrolls of recharging
 B - 5 scrolls of blinking
 C - 2 scrolls of amnesia
 D - 4 scrolls of magic mapping
 M - a scroll of fear
 T - 6 scrolls of teleportation
 V - 8 scrolls of remove curse
Potions
 m - a potion of lignification
 o - a potion of invisibility
 u - 3 potions of flight
 x - a potion of ambrosia
 H - 6 potions of haste
 N - 2 potions of brilliance
 O - 6 potions of agility
 Q - 7 potions of curing
 S - 4 potions of mutation {!q}
 W - 5 potions of heal wounds
 X - 2 potions of might
 Z - 2 potions of berserk rage
Miscellaneous
 Y - a lamp of fire
Comestibles
 f - 16 bread rations
 z - 7 meat rations
 F - 10 fruits
 G - 11 royal jellies


   Skills:
 + Level 9.2(8.3) Fighting
 - Level 0.8(0.1) Throwing
 - Level 6.2(5.4) Dodging
 + Level 6.3(5.5) Shields
 + Level 15.6(14.6) Unarmed Combat
 - Level 1.2(0.5) Spellcasting
   Level 2.1(1.4) Translocations


You had 13 spell levels left.
You didn't know any spells.

Dungeon Overview and Level Annotations

Branches:
Dungeon (12/15)            Temple (0/1) D:4            Lair (3/6) D:9
 Shoals (0/4) Lair:3          Orc (0/2) D:12
  Snake: Lair:2-4    Spider: Lair:2-4

Altars:
Cheibriados
Makhleb
Okawaru
Ru
Sif Muna
Vehumet

Shops:
D:4 =[   D:8 }   D:10 *   D:11 [(?!

Annotations:
D:8 1 runed door
D:12 Frances
Lair:3 Sonja


Innate Abilities, Weirdness & Mutations

You are too large for most types of armour.
You have claws for hands.
Your metabolism is lightning-fast.
You like to eat raw meat.
Your natural rate of healing is unusually fast.
You are covered in fur. (AC +1)
You have very tough skin. (AC +2)
You are hated by all.
Your cowardice makes you less effective in combat with threatening monsters.
You have somewhat slow reflexes. (EV -5)
You are sensitive to extremes of temperature. (rF-, rC-)


Message History

Found 6 fruits, a scroll of remove curse and 21 gold pieces.
A sixfirhy, a neqoxec, a smoke demon, a ynoxinul and a skeleton come into view.
The ynoxinul bellows!
The neqoxec shouts!
Monsters!
Monsters everywhere!
You have to get out of here!
Found 3 needles of sleeping, 27 gold pieces and a spear.
A hellephant, a neqoxec and a large abomination come into view.
You see here 32 gold pieces.
The sixfirhy hits you! The sixfirhy shocks you!
* * * LOW HITPOINT WARNING * * *
The sixfirhy barely misses you.
You feel less exhausted. The sixfirhy hits you!
* * * LOW HITPOINT WARNING * * *
The sixfirhy shocks you!
* * * LOW HITPOINT WARNING * * *
The sixfirhy hits you but does no damage.
The sixfirhy hits you.
* * * LOW HITPOINT WARNING * * *
The sixfirhy shocks you!
You die...

. #. #. ## #
#≈. Y## #.. .$#
33# ....?#?# #
#%3X######
#3#(#3#...###
.Z#[#@.....#
#)##.≈##..##...
## #.. #...§
#.. #..§§. #.#
##§§. ## §. .


You could see a large abomination, a sixfirhy and a ynoxinul.

Vanquished Creatures
  Snorg (Lair:3)
  A jiangshi (Abyss:2)
  Josephine (D:10)
  2 hydras (Lair:1)
  Erica (D:10)
  A two-headed ogre (D:10)
  Urug (Lair:2)
  A thrashing horror (Abyss:2)
  A spatial maelstrom (Abyss:2)
  An unseen horror (D:11)
  A flayed ghost (Abyss:2)
  An apocalypse crab (Abyss:2)
  2 elephants (Lair:3)
  A torpor snail (Lair:3)
  A black mamba (Lair:3)
  A smoke demon (Abyss:2)
  4 spiny frogs
  An orange demon (Abyss:2)
  A rime drake (Lair:3)
  A kobold demonologist (Abyss:2)
  5 komodo dragons
  An ancient zyme (Abyss:2)
  2 trolls
  3 blink frogs (Lair:1)
  The ghost of Gorglomux the Insei, an amateur MfTm (D:3)
  2 raiju (Abyss:2)
  3 dream sheep (Lair:3)
  4 hippogriffs
  2 small abominations (Abyss:2)
  A human (D:10)
  A large abomination (Abyss:2)
  3 wraiths (D:10)
  16 yaks
  A hungry ghost (D:11)
  A basilisk (Lair:3)
  A neqoxec (Abyss:2)
  3 hogs (D:10)
  A water moccasin (Lair:1)
  5 porcupines
  4 orc warriors
  An eye of draining (D:11)
  5 ice beasts
  A black bear (D:6)
  6 ogres
  A centaur (D:9)
  3 phantoms
  5 crocodiles
  4 big kobolds
  11 bullfrogs
  2 elf zombies (Ossuary)
  Blork the orc (D:4)
  A wyvern zombie (D:11)
  A water moccasin skeleton (D:4)
  2 scorpions
  11 killer bees (D:10)
  4 wights
  A howler monkey (D:7)
  A bullfrog zombie (D:6)
  2 crimson imps
  3 centaur zombies
  4 hounds
  A human zombie (Ossuary)
  4 jellies
  Crazy Yiuf (D:5)
  5 bullfrog skeletons
  2 centaur skeletons
  A gnoll shaman (D:4)
  2 orc wizards
  8 worker ants
  4 iguanas
  2 hound skeletons
  3 worker ant zombies
  Robin (D:3)
  2 mummies (Ossuary)
  11 gnolls
  A howler monkey skeleton (D:3)
  15 adders
  A white imp (D:6)
  4 adder zombies
  3 adder skeletons
  4 worms
  2 dart slugs (D:1)
  4 leopard geckos
  19 orcs
  5 ball pythons
  2 bats
  5 giant cockroaches
  15 goblins
  12 hobgoblins
  11 jackals
  3 quokkas
  6 frilled lizards
  2 goblin zombies (Ossuary)
  12 hobgoblin zombies (Ossuary)
  16 kobolds
  12 kobold zombies (Ossuary)
  4 orc zombies (Ossuary)
  7 rats
367 creatures vanquished.

Vanquished Creatures (others)
  A raiju (Abyss:2)
1 creature vanquished.

Grand Total: 368 creatures vanquished

Notes
Turn   | Place    | Note
-------+----------+-------------------------------------------
     0 | D:1      | Gorglomux the Troll Warper began the quest for the Orb.
     0 | D:1      | Reached XP level 1. HP: 19/19 MP: 1/1
   135 | D:1      | Reached XP level 2. HP: 27/27 MP: 2/2
   176 | D:1      | Reached skill level 3 in Unarmed Combat
   597 | D:1      | Reached XP level 3. HP: 31/33 MP: 3/3
   902 | D:2      | Found a burning altar of Makhleb.
   908 | D:2      | Found a sacrificial altar of Ru.
  1081 | D:2      | Found a radiant altar of Vehumet.
  1133 | D:2      | Reached skill level 4 in Unarmed Combat
  1209 | D:2      | Reached XP level 4. HP: 41/41 MP: 4/4
  1376 | D:2      | Found a deep blue altar of Sif Muna.
  1488 | D:3      | Noticed Gorglomux's ghost (amateur MfTm)
  1516 | D:3      | Killed Gorglomux's ghost
  1516 | D:3      | Reached skill level 6 in Unarmed Combat
  1516 | D:3      | Reached XP level 5. HP: 15/48 MP: 5/5
  1516 | D:3      | Reached XP level 6. HP: 18/55 MP: 6/6
  1766 | D:3      | Noticed Robin
  1799 | D:3      | Killed Robin
  2104 | D:2      | Found an iron altar of Okawaru.
  2125 | D:2      | Became a worshipper of Ru the Awakened
  2218 | D:4      | HP: 2/55 [gnoll/spear (3)]
  2281 | D:4      | Reached skill level 7 in Unarmed Combat
  2689 | D:4      | Found a staircase to the Ecumenical Temple.
  2709 | D:4      | Found Nycvej's Antique Armour Boutique.
  2761 | D:4      | Reached XP level 7. HP: 33/62 MP: 7/7
  2780 | D:4      | Noticed Blork the orc
  2787 | D:4      | Killed Blork the orc
  2787 | D:4      | Reached skill level 8 in Unarmed Combat
  2902 | D:4      | Found a snail-covered altar of Cheibriados.
  3068 | D:4      | Found Tatyd's Jewellery Shop.
  3173 | D:5      | Entered Level 5 of the Dungeon
  3334 | D:5      | Found a sand-covered staircase.
  3339 | Ossuary  | Entered an ossuary
  3436 | Ossuary  | Reached skill level 9 in Unarmed Combat
  3630 | D:5      | Reached XP level 8. HP: 70/70 MP: 8/8
  3749 | D:5      | Found a runed door.
  3923 | D:5      | Noticed Crazy Yiuf
  3927 | D:5      | Killed Crazy Yiuf
  4000 | D:6      | Reached skill level 10 in Unarmed Combat
  4461 | D:6      | Reached skill level 11 in Unarmed Combat
  4877 | D:6      | Gained mutation: You are hated by all. [Ru sacrifice]
  4877 | D:6      | Reached * piety under Ru
  5145 | D:7      | Reached XP level 9. HP: 53/76 MP: 9/9
  5175 | D:7      | Reached skill level 12 in Unarmed Combat
  5859 | D:8      | Found a runed door.
  5859 | D:8      | Noticed a sixfirhy
  5885 | D:8      | Found Ucunwac's Gadget Shoppe.
  6408 | D:9      | Noticed a troll
  6842 | D:9      | Killed a troll
  6842 | D:9      | Reached skill level 3 in Fighting
  6842 | D:9      | Reached skill level 3 in Dodging
  7193 | D:9      | You fall through a shaft for 3 floors!
  7193 | D:12     | Found a staircase to the Orcish Mines.
  7234 | D:12     | Gained mutation: You have somewhat slow reflexes. (EV -5) [Ru sacrifice]
  7234 | D:12     | Reached ** piety under Ru
  7234 | D:12     | Reached *** piety under Ru
  7248 | D:12     | Noticed Frances
  7384 | D:11     | Found Paamacota's Antique Armour Shoppe.
  7390 | D:11     | Reached XP level 10. HP: 81/92 MP: 10/10
  7399 | D:11     | Reached skill level 13 in Unarmed Combat
  7414 | D:11     | Found a flickering gateway to a bazaar.
  7433 | Bazaar   | Entered a bazaar
  7433 | Bazaar   | Found Hebbucon's Distillery.
  7440 | Bazaar   | Found Ofust's Gadget Shop.
  7451 | Bazaar   | Found Afaxt's Food Emporium.
  7457 | Bazaar   | Found Qojiall's Gadget Shoppe.
  7484 | Bazaar   | Bought a potion of agility for 68 gold pieces
  7484 | Bazaar   | Bought a potion of heal wounds for 85 gold pieces
  7484 | Bazaar   | Bought a potion of magic for 136 gold pieces
  7484 | Bazaar   | Bought a potion of heal wounds for 85 gold pieces
  7484 | Bazaar   | Bought a potion of invisibility for 136 gold pieces
  7508 | Bazaar   | Found Seblaawo's Jewellery Emporium.
  7576 | D:11     | Found Xypneucw's Weapon Boutique.
  7620 | D:10     | Entered Level 10 of the Dungeon
  7725 | D:10     | Found Fihito's Elemental Accessories.
  7763 | D:10     | Noticed Josephine
  7770 | D:10     | Killed Josephine
  8079 | D:10     | Noticed a two-headed ogre
  8087 | D:10     | Killed a two-headed ogre
  8425 | D:10     | Reached XP level 11. HP: 103/105 MP: 11/11
  8441 | D:10     | Reached skill level 6 in Dodging
  8618 | D:10     | Noticed Erica
  8743 | D:10     | Killed Erica
  8743 | D:10     | Reached skill level 6 in Fighting
  8874 | D:11     | Reached skill level 14 in Unarmed Combat
  8906 | D:11     | Identified a scroll of acquirement
  8985 | D:11     | Noticed an unseen horror
  8995 | D:11     | Killed an unseen horror
  8995 | D:11     | Reached skill level 1 in Shields
  9041 | D:11     | Found Qoxzesko's Magic Scroll Shop.
  9051 | D:11     | Found Modiohum's Distillery.
  9085 | D:11     | Bought a scroll of magic mapping for 38 gold pieces
  9191 | D:9      | Found a staircase to the Lair.
  9298 | Lair:1   | Entered Level 1 of the Lair of Beasts
  9326 | Lair:1   | Gained mutation: You are sensitive to extremes of temperature. (rF-, rC-) [Ru sacrifice]
  9326 | Lair:1   | Reached **** piety under Ru
  9326 | Lair:1   | Reached ***** piety under Ru
  9394 | Lair:1   | Noticed a six-headed hydra
  9452 | Lair:1   | Killed a seven-headed hydra
  9578 | Lair:1   | Reached skill level 3 in Shields
  9668 | Lair:1   | Noticed an eight-headed hydra
  9721 | Lair:1   | Killed an eight-headed hydra
 10624 | Lair:2   | Noticed Urug
 10654 | Lair:2   | Killed Urug
 10654 | Lair:2   | Reached XP level 12. HP: 65/118 MP: 12/12
 10820 | Lair:2   | Got a coiled copper ring
 10860 | Lair:2   | You fall through a shaft!
 10922 | Lair:3   | Gained mutation: Your cowardice makes you less effective in combat with threatening monsters. [Ru sacrifice]
 10922 | Lair:3   | Reached ****** piety under Ru
 11054 | Lair:3   | Reached skill level 15 in Unarmed Combat
 11191 | Lair:3   | Identified a ring "Iwuod" {*Tele Int+7} (You found it on level 2 of the Lair of Beasts)
 11214 | Lair:3   | Found a staircase to the Shoals.
 11293 | Lair:3   | Noticed Snorg
 11309 | Lair:3   | Killed Snorg
 11316 | Lair:3   | Noticed Sonja
 11336 | Lair:3   | Cast into level 2 of the Abyss (Sonja)
 11336 | Abyss:2  | Found a corrupted altar of Lugonu.
 11392 | Abyss:2  | Got a pitted tin amulet
 11397 | Abyss:2  | Identified the amulet "Emon" {Harm *Drain rPois Dex+3} (You found it on level 2 of the Abyss)
 11506 | Abyss:2  | Reached skill level 6 in Shields
 11516 | Abyss:2  | Noticed a starcursed mass
 11651 | Abyss:2  | HP: 6/122 [raiju/living lightning (6)]
 11673 | Abyss:2  | Reached skill level 9 in Fighting
 11727 | Abyss:2  | Noticed a jiangshi
 11727 | Abyss:2  | Killed a jiangshi
 11764 | Abyss:2  | Noticed a vampire mage
 11772 | Abyss:2  | Noticed a hellephant
 11773 | Abyss:2  | Slain by a sixfirhy

Skill      XL: |  1  2  3  4  5  6  7  8  9 10 11 12 |
---------------+-------------------------------------+-----
Unarmed Combat | 3 4 6 7 9 11 12 13 14 15 | 15.6
Dodging        | 3 5 6 |  6.2
Fighting       | 3 5 7 9 |  9.2
Shields        | 4 6 |  6.3
Throwing       | |  0.8
Spellcasting   | |  1.2
Translocations | |  2.1

Action                   |  1- 3 |  4- 6 |  7- 9 | 10-12 || total
-------------------------+-------+-------+-------+-------++-------
Melee: Unarmed           |   109 |   124 |   392 |   563 ||  1188
       Punch             |       |     6 |    16 |    11 ||    33
Throw: Large rock        |       |       |       |     3 ||     3
Invok: Sacrifice Love    |       |       |     1 |       ||     1
       Sacrifice Health  |       |       |     1 |       ||     1
       Draw Out Power    |       |       |       |     3 ||     3
       Power Leap        |       |       |       |     4 ||     4
       Apocalypse        |       |       |       |     3 ||     3
       Sacrifice Resista |       |       |       |     1 ||     1
       Sacrifice Courage |       |       |       |     1 ||     1
Evoke: Wand              |       |       |       |     2 ||     2
  Use: Potion            |       |     2 |     2 |     4 ||     8
       Scroll            |       |       |    11 |    20 ||    31
 Stab: Invisible         |       |       |       |    11 ||    11
       Distracted        |       |       |       |     2 ||     2
       Sleeping          |       |       |       |     1 ||     1
       Paralysed         |       |       |       |    17 ||    17
  Eat: Chunk             |    15 |    16 |    39 |    48 ||   118
Armor: Robe              |    33 |    27 |    59 |       ||   119
       Troll leather arm |       |       |    25 |   176 ||   201
       Skin              |       |       |       |    35 ||    35
Dodge: Dodged            |    45 |    64 |   191 |   109 ||   409
Block: Shield            |       |       |       |    88 ||    88
